Map: Para Site LE

Players

TRUE

  • Race: Zerg Zerg
  • Spawn Location: 5:00

HeroMarine - Winner!

  • Race: Terran Terran
  • Spawn Location: 11:00

Event: WCS Montreal 2018

VOD

Have the link to the VOD?

Description

Time

  • Played on: Sept. 7, 2018, 10:35 p.m.
  • Length: 13:05

All games in this series

Show
View Real Time Build Order
Export as new Build Order

TRUE Zerg 

Build Orders: Hatch First 

Get SALT Encoding   

  12  0:00  Drone  
  13  0:12  Overlord  
  13  0:16  Drone  
  14  0:30  Drone x2  
  14  0:35  Drone  
  17  0:51  Hatchery  
  17  0:55  Drone  
  17  1:08  Spawning Pool  
  17  1:09  Extractor  
  15  1:13  Drone  
  15  1:16  Drone  
  17  1:19  Drone  
  18  1:29  Drone  
  19  1:39  Overlord  
  19  1:54  Queen  
  19  1:55  Zergling x2  
  19  2:00  Zergling x2  
  23  2:02  Queen  
  23  2:03  Zergling x2  
  26  2:10  Metabolic Boost  
  26  2:12  Drone  
  26  2:14  Drone  
  28  2:21  Drone  
  29  2:25  Drone  
  30  2:30  Queen  
  30  2:32  Drone  
  30  2:35  Drone  
  34  2:43  Overlord  
  34  2:49  Pneumatized Carapace  
  34  2:50  Drone  
  35  2:54  Drone  
  36  3:01  Drone  
  36  3:02  Drone x3  
  40  3:06  Drone  
  40  3:07  Drone  
  40  3:10  Drone  
  40  3:11  Drone  
  44  3:18  Overlord  
  44  3:28  Hatchery  
  43  3:35  Queen  
  43  3:36  Drone  
  43  3:37  Drone x2  
  48  3:46  Zergling x8  
  52  3:50  Overlord, Evolution Chamber  
  51  4:01  Overlord  
  51  4:07  Overlord, Queen  
  53  4:11  Zergling x2  
  53  4:12  Zergling x10  
  59  4:19  Queen  
  59  4:21  Zerg Ground Armor Level 1  
  61  4:35  Drone x3  
  61  4:36  Drone x3  
  66  4:40  Drone  
  66  4:42  Lair  
  66  4:44  Drone  
  66  4:45  Drone  
  69  4:46  Drone  
  69  4:48  Drone  
  69  4:50  Drone  
  69  4:52  Drone  
  73  4:53  Drone  
  73  4:55  Drone  
  73  4:56  Drone  
  73  4:59  Drone x2  
  78  5:03  Queen  
  78  5:06  Drone  
  81  5:08  Spore Crawler  
  81  5:10  Spore Crawler  
  81  5:12  Zergling x4  
  81  5:15  Zergling x2  
  81  5:19  Zergling x2  
  81  5:21  Overlord, Zergling x4  
  80  5:24  Overlord  
  80  5:26  Overlord  
  80  5:27  Zergling x2  
  80  5:29  Zergling x2  
  80  5:34  Overlord  
  80  5:35  Spore Crawler  
  79  5:40  Overlord  
  79  5:44  Drone  
  79  5:45  Drone x2  
  79  5:46  Drone x2  
  79  5:47  Drone x3  
  79  5:49  Drone  
  87  5:50  Drone  
  87  5:52  Drone  
  87  5:54  Overseer  
  89  6:01  Baneling Nest  
  89  6:02  Roach Warren  
  87  6:10  Zergling x2  
  86  6:11  Zergling x2  
  86  6:12  Zergling x2  
  86  6:13  Zergling x6  
  86  6:15  Zergling x2  
  86  6:16  Zergling x4  
  86  6:17  Zergling x4  
  95  6:24  Zergling x2  
  95  6:25  Zergling x4  
  93  6:27  Zergling x2, Queen  
  93  6:29  Zergling x2  
  93  6:31  Zergling x2  
  77  6:34  Zergling x2  
  77  6:35  Zergling x2  
  77  6:38  Zerg Melee Weapons Level 1  
  76  6:41  Zergling x4  
  76  6:42  Zergling x2  
  76  6:43  Zergling x4  
  77  6:47  Zergling x2  
  77  6:53  Zergling x8  
  72  6:55  Zergling x2  
  63  7:04  Drone x2  
  63  7:08  Drone x2  
  64  7:10  Drone x2  
  64  7:11  Drone  
  67  7:16  Drone  
  67  7:17  Drone  
  67  7:20  Drone x2  
  67  7:21  Drone x2  
  73  7:25  Drone  
  73  7:29  Glial Reconstitution  
  74  7:32  Overseer  
  74  7:34  Extractor, Drone  
  74  7:35  Drone  
  74  7:36  Drone  
  76  7:37  Extractor  
  76  7:38  Extractor, Drone x3  
  76  7:40  Drone  
  76  7:41  Drone  
  76  7:42  Drone x2  
  76  7:44  Drone  
  82  7:54  Overlord  
  82  7:56  Drone  
  82  7:58  Overlord  
  83  8:02  Roach x3  
  83  8:03  Roach  
  83  8:05  Overlord  
  91  8:06  Roach  
  91  8:07  Roach x2  
  91  8:10  Roach x2  
  91  8:11  Roach x2  
  105  8:20  Hatchery  
  105  8:22  Roach x2  
  105  8:25  Roach  
  105  8:26  Extractor, Roach  
  111  8:28  Roach  
  111  8:30  Roach  
  111  8:32  Roach  
  111  8:33  Roach  
  119  8:36  Roach  
  119  8:38  Roach  
  119  8:39  Roach  
  119  8:40  Roach  
  127  8:42  Roach  
  127  8:44  Roach  
  127  8:46  Roach  
  127  8:48  Roach  
  129  8:49  Roach  
  129  8:51  Roach  
  129  8:52  Roach  
  129  8:54  Roach  
  132  8:57  Roach  
  132  9:05  Drone x6  
  138  9:17  Infestation Pit  
  137  9:19  Zerg Missile Weapons Level 1  
  137  9:20  Overlord  
  137  9:26  Overlord  
  137  9:28  Drone x7  
  144  9:37  Roach x3  
  150  9:39  Roach x2  
  150  9:40  Roach x2  
  150  9:43  Overlord  
  150  9:44  Queen  
  160  9:45  Overlord  
  160  9:48  Roach  
  160  9:50  Overseer  
  162  9:54  Hive  
  162  9:55  Roach  
  162  9:59  Roach  
  166  10:01  Overlord, Extractor  
  166  10:02  Roach  
  166  10:03  Roach  
  166  10:04  Roach  
  166  10:06  Roach  
  173  10:09  Roach  
  173  10:11  Roach x3  
  173  10:14  Drone  
  182  10:20  Drone x8  
  173  10:34  Hydralisk Den  
  154  10:38  Drone x3  
  154  10:41  Roach x2  
  154  10:42  Roach x7  
  175  10:45  Roach x2  
  175  10:47  Roach  
  175  10:49  Roach  
  185  10:50  Roach  
  185  10:51  Roach  
  185  10:56  Roach x3  
  172  10:57  Roach  
  172  11:00  Roach x2  
  172  11:01  Roach  
  172  11:03  Roach  
  182  11:04  Roach  
  182  11:05  Roach  
  182  11:08  Roach  
  182  11:09  Roach  
  182  11:10  Roach  
  192  11:15  Roach  
  192  11:16  Roach  
  184  11:21  Roach x5  
  184  11:23  Roach  
  169  11:27  Roach x3  
  169  11:29  Roach  
  169  11:31  Roach  
  169  11:32  Roach  
  161  11:33  Roach  
  161  11:36  Roach  
  161  11:38  Roach x2  
  159  11:40  Roach  
  159  11:43  Roach  
  159  11:44  Roach  
  159  11:46  Roach  
  150  11:49  Roach  
  150  11:53  Roach  
  122  11:57  Roach  
  94  12:02  Roach  
  94  12:07  Roach  
  85  12:11  Roach  
  80  12:16  Drone x3  
  80  12:20  Drone x4  
  80  12:21  Drone  
  70  12:28  Drone x2  
  72  12:43  Roach  
  74  12:46  Drone  
Show
View Real Time Build Order
Export as new Build Order

HeroMarine Terran - Winner!

Build Orders: Cyclone Opening, Gas First Reaper Expand, Reaper Expand, Mech 

Get SALT Encoding   

  12  0:00  SCV  
  13  0:12  SCV  
  14  0:17  Supply Depot  
  14  0:24  SCV  
  14  0:28  Refinery  
  15  0:39  SCV  
  16  0:45  Barracks  
  16  0:51  SCV  
  17  1:03  SCV  
  18  1:15  SCV  
  19  1:31  Orbital Command  
  19  1:32  Reaper  
  20  1:42  Command Center  
  20  1:53  Factory  
  20  1:57  SCV  
  21  2:02  Refinery  
  21  2:06  Barracks Reactor  
  21  2:09  SCV  
  21  2:14  Supply Depot  
  22  2:21  SCV  
  23  2:36  SCV  
  24  2:38  Starport  
  24  2:43  Marine x2  
  26  2:48  SCV  
  27  2:54  Cyclone  
  27  2:55  Orbital Command  
  30  3:00  SCV  
  30  3:02  Marine  
  30  3:04  Marine  
  33  3:12  SCV  
  34  3:14  Medivac  
  36  3:21  SCV  
  36  3:24  SCV  
  38  3:30  Barracks Tech Lab  
  38  3:33  SCV  
  39  3:34  Supply Depot  
  39  3:36  SCV  
  40  3:41  Hellion  
  40  3:42  Hellion  
  40  3:45  SCV  
  45  3:48  SCV  
  46  3:57  Supply Depot, Cloaking Field, Banshee  
  46  4:00  SCV x2  
  51  4:03  Hellion  
  51  4:08  Supply Depot, Marine  
  54  4:17  Armory  
  54  4:19  SCV x2, Hellion  
  58  4:24  Hellion  
  58  4:31  SCV x2  
  62  4:40  Banshee, Hellion  
  62  4:42  Supply Depot  
  69  4:48  Hellion  
  69  4:50  Command Center  
  69  4:53  SCV  
  70  5:03  SCV  
  70  5:05  SCV  
  74  5:08  Command Center  
  72  5:15  SCV  
  72  5:17  SCV  
  72  5:19  Hellion  
  72  5:20  Hellion  
  78  5:24  Refinery x2  
  78  5:30  Factory  
  78  5:33  Factory  
  78  5:40  SCV x2  
  80  5:43  Armory  
  80  5:49  Hellion x2  
  84  5:52  Starport Reactor, SCV x2  
  86  6:02  Orbital Command  
  87  6:04  SCV  
  87  6:09  SCV  
  87  6:11  Hellion x2  
  91  6:15  Supply Depot  
  91  6:16  SCV  
  92  6:21  SCV  
  92  6:27  SCV  
  92  6:28  SCV  
  98  6:33  SCV  
  98  6:38  Orbital Command  
  98  6:39  Orbital Command  
  93  6:40  SCV  
  90  6:49  SCV  
  90  6:52  SCV  
  90  6:53  Factory Tech Lab  
  88  6:55  Thor  
  88  6:56  Hellion x2  
  88  7:01  SCV  
  81  7:04  SCV  
  81  7:06  Medivac x2  
  79  7:09  Terran Vehicle And Ship Armor Level 1, Terran Vehicle Weapons Level 1  
  79  7:12  SCV  
  79  7:13  SCV x2  
  82  7:16  SCV  
  82  7:18  Thor  
  89  7:24  Refinery, SCV  
  89  7:25  SCV x2  
  89  7:27  Refinery  
  89  7:28  SCV  
  93  7:31  Hellion x2  
  93  7:35  Supply Depot  
  93  7:37  SCV x3  
  98  7:39  Supply Depot  
  98  7:40  Siege Tank, Supply Depot  
  98  7:44  SCV  
  104  7:46  Orbital Command  
  104  7:49  SCV x3  
  107  7:56  SCV  
  107  7:58  Infernal Pre-Igniter, Factory  
  108  8:00  Factory  
  108  8:01  Siege Tank, SCV  
  108  8:02  Hellion x9  
  108  8:03  SCV  
  108  8:04  Starport Reactor  
  114  8:11  Hellion x2  
  114  8:12  Siege Tank  
  120  8:15  Engineering Bay  
  120  8:19  Supply Depot x3  
  120  8:31  SCV x3  
  120  8:32  Hellion x2  
  120  8:33  Siege Tank  
  130  8:44  Siege Tank  
  130  8:46  Orbital Command  
  130  8:48  SCV x3  
  120  8:56  Factory Tech Lab  
  120  9:01  Hellion x3  
  120  9:02  SCV x3, Hellion  
  125  9:05  Siege Tank  
  128  9:11  Medivac x2  
  128  9:15  SCV x3  
  128  9:16  Siege Tank  
  138  9:18  Siege Tank  
  141  9:25  Missile Turret, Hellion x2  
  141  9:26  Missile Turret, Hellion x2  
  141  9:28  Refinery  
  141  9:31  Refinery  
  149  9:36  Sensor Tower  
  149  9:37  Siege Tank  
  152  9:41  Terran Vehicle Weapons Level 2  
  152  9:47  Hellion x2  
  152  9:51  Supply Depot, Terran Vehicle And Ship Armor Level 2  
  152  9:52  Siege Tank, Supply Depot x2, Hellion x2  
  163  10:01  Supply Depot  
  163  10:02  Supply Depot  
  163  10:11  Rapid Fire Launchers  
  163  10:12  Missile Turret  
  163  10:13  Siege Tank x2, Hellion  
  163  10:14  Hellion x2  
  175  10:16  Hellion x4  
  173  10:26  Siege Tank  
  172  10:35  Hellion x2  
  172  10:42  Hellion  
  174  10:44  Hellion  
  174  10:45  Siege Tank x2  
  174  10:47  Factory  
  174  10:48  Factory  
  186  10:57  Hellion x2  
  186  10:59  Siege Tank  
  186  11:03  Hellion  
  191  11:06  Missile Turret, Hellion  
  193  11:17  Siege Tank x2  
  191  11:18  Hellion x2  
  191  11:24  Hellion  
  186  11:31  Siege Tank  
  166  11:37  Hellion  
  166  11:39  Hellion  
  157  11:40  Hellion  
  157  11:46  Hellion  
  159  11:49  Siege Tank x2  
  159  11:50  Factory Tech Lab  
  159  11:51  Factory Tech Lab  
  162  11:54  SCV x3  
  162  11:58  Hellion  
  162  12:01  Hellion  
  154  12:03  Siege Tank  
  154  12:06  SCV  
  154  12:07  Hellion  
  157  12:14  Orbital Command  
  160  12:15  Siege Tank  
  160  12:18  Siege Tank  
  160  12:20  SCV  
  160  12:21  Siege Tank x2, SCV x2  
  168  12:27  Hellion  
  168  12:29  Hellion x2  
  160  12:33  SCV  
  160  12:36  Refinery  
  166  12:37  Hellion  
  166  12:38  Refinery  
Tags
 
Add a new tag
Caveats
  • Supply blocks, unpowered buildings, or Contaminate may cause inaccurate times.
  • Supply counts are checked every 10 seconds.